 Dungeon Crawl Stone Soup version 0.30.1-11-g7821555f0a (webtiles) character file.

Game seed: 15985990355234855132

22668 andronian the Fencer (level 13, -14/111 HPs)
             Began as a Merfolk Monk on Nov 27, 2023.
             Was the Champion of the Shining One.
             Demolished by a komodo dragon (44 damage)
             ... on level 1 of the Lair of Beasts.
             The game lasted 00:28:37 (12030 turns).

andronian the Fencer (Merfolk Monk)                Turns: 12030, Time: 00:28:38

Health: -14/111    AC: 13    Str: 12    XL:     13   Next: 1%
Magic:  6/18       EV: 19    Int: 10    God:    the Shining One [******]
Gold:   713        SH: 21    Dex: 26    Spells: 12/12 levels left

rFire   . . .        b - +5 long sword
rCold   + . .        o - +0 kite shield
rNeg    + + +        D - +2 leather armour {rC+}
rPois   .            n - +0 helmet
rElec   .            (no cloak)
rCorr   .            x - +1 pair of gloves
SInv    .            l - +0 pair of boots
Will    .....        w - amulet of regeneration
Stlth   +            i - +4 ring of protection
HPRegen 1.18/turn    g - +6 ring of dexterity
MPRegen 0.16/turn

%: no passive effects
@: lethally poisoned (-14 -> -22), divinely shielded, slowed, glowing, very slow
A: (nimble swimmer 2), mertail
a: Renounce Religion, Divine Shield, Cleansing Flame, Summon Divine Warrior,
Brand Weapon With Holy Wrath


You were on level 1 of the Lair of Beasts.
You worshipped the Shining One.
The Shining One was exalted by your worship.
You visited 3 branches of the dungeon, and saw 12 of its levels.
You also visited: Bailey.

You collected 713 gold pieces.

Inventory:

Hand Weapons
 a - a +1 heavy scimitar
 b - a +5 long sword (weapon)
Missiles
 h - 15 poisoned darts
 C - 4 atropa-tipped darts (quivered)
 L - 6 boomerangs
 X - 5 javelins
Armour
 j - a +2 scale mail of fire resistance
 l - a +0 pair of boots (worn)
 n - a +0 helmet (worn)
 o - a +0 kite shield (worn)
 x - a +1 pair of gloves (worn)
 D - a +2 leather armour of cold resistance (worn)
 E - +0 acid dragon scales
Jewellery
 g - a +6 ring of dexterity (right hand)
 i - a +4 ring of protection (left hand)
 r - a +4 ring of protection
 s - a ring of see invisible
 w - an amulet of regeneration (around neck)
 T - a ring of fire
Wands
 d - a wand of acid (4)
 m - a wand of mindburst (9)
 F - a wand of charming (29)
 J - a wand of iceblast (6)
 R - a wand of polymorph (6)
 Y - a wand of flame (21)
Scrolls
 k - 4 scrolls of teleportation
 q - 4 scrolls of enchant armour
 t - 3 scrolls of amnesia {unknown}
 y - 2 scrolls of immolation
 B - 3 scrolls of blinking
 G - 2 scrolls of noise
 I - 4 scrolls of magic mapping {unknown}
 K - a scroll of enchant weapon
 M - 2 scrolls of silence {unknown}
 S - 2 scrolls of identify
 U - a scroll of acquirement {unknown}
Potions
 c - a potion of ambrosia
 e - 3 potions of attraction
 f - a potion of lignification
 p - 6 potions of curing {unknown}
 u - 2 potions of brilliance {unknown}
 v - 2 potions of berserk rage
 z - a potion of magic
 A - 5 potions of heal wounds
 H - 2 potions of flight
 N - 2 potions of mutation {unknown}
 O - a potion of invisibility {unknown}
 P - a potion of cancellation {unknown}
 Q - a potion of degeneration {unknown}


   Skills:
 + Level 13.2 Fighting
 * Level 15.7 Long Blades
 - Level 4.2 Throwing
 - Level 2.1 Armour
 - Level 10.3 Dodging
 - Level 5.3 Shields
 * Level 7.1 Invocations


You had 12 spell levels left.
You didn't know any spells.
Your spell library contained the following spells:

 Spells                   Type           Power      Damage    Failure   Level
 Apportation              Tloc           0%         N/A       86%         1
 Magic Dart               Conj           0%         1d3       86%         1
 Necrotise                Necr           0%         1d4       86%         1
 Summon Small Mammal      Summ           0%         N/A       86%         1
 Cigotuvi's Dreadful Rot  Necr/Pois/Air  0%         N/A       94%         2
 Poisonous Vapours        Pois/Air       0%         N/A       94%         2
 Searing Ray              Conj           0%         2d4       94%         2
 Sublimation of Blood     Necr           0%         N/A       94%         2
 Dazzling Flash           Conj/Hex       0%         N/A       99%         3
 Ignite Poison            Fire/Tmut/Pois 0%         N/A       99%         3
 Mephitic Cloud           Conj/Pois/Air  0%         N/A       99%         3
 Ozocubu's Armour         Ice            0%         N/A       99%         3
 Vampiric Draining        Necr           0%         2d6       99%         3
 Volatile Blastmotes      Fire/Tloc      0%         2d10      99%         3
 Fulminant Prism          Conj/Hex       0%         3d5       100%        4
 Ice Form                 Ice/Tmut       0%         N/A       100%        4
 Iskenderun's Mystic Bla  Conj/Tloc      0%         2d3       100%        4
 Petrify                  Tmut/Erth      0%         N/A       100%        4
 Agony                    Necr           0%         N/A       100%        5
 Alistair's Intoxication  Tmut/Pois      0%         N/A       100%        5
 Blade Hands              Tmut           0%         N/A       100%        5
 Freezing Cloud           Conj/Ice/Air   0%         6-21      100%        5
 Irradiate                Conj/Tmut      0%         3d11      100%        5
 Lee's Rapid Deconstruct  Erth           0%         3d4*      100%        5
 Metabolic Englaciation   Hex/Ice        0%         N/A       100%        5
 Yara's Violent Unravell  Hex/Tmut       0%         3d3       100%        5
 Simulacrum               Ice/Necr       0%         N/A       100%        6
 Starburst                Conj/Fire      0%         6d3       100%        6
 Dragon Form              Tmut           0%         N/A       100%        7


Dungeon Overview and Level Annotations

Branches:
Dungeon (10/15)            Temple (1/1) D:7            Lair (1/5) D:10
    Orc (0/2) D:9          Bailey (visited)

Altars:
Ashenzari
Cheibriados
Dithmenos
Fedhas
Gozag
Kikubaaqudgha
Nemelex Xobeh
Okawaru
Sif Muna
Xom
Zin
The Shining One

Shops:
D:8 :

Annotations:
D:10 1 runed translucent door
Lair:1 1 transporter, Raisev's ghost, journeyman HOFi


Innate Abilities, Weirdness & Mutations

((You are very nimble when in or above water. (Stealth+, EV+, Speed+++)))
Your lower body shifts to a powerful aquatic tail in water.


Message History

The golden flame engulfs the cane toad!
The cane toad is heavily wounded.
The golden flame engulfs the black mamba!!
The black mamba is severely wounded.
The golden flame engulfs the komodo dragon!!
The komodo dragon is severely wounded.
The golden flame engulfs the moth of wrath!
The moth of wrath is severely wounded.
The golden flame engulfs the torpor snail!
The torpor snail is lightly wounded.
You feel very sick.
You block the black mamba's attack. x2; You block the cane toad's attack.
The black mamba misses you. The komodo dragon bites you!!
You block the cane toad's attack. Raisev's ghost barely misses you.
The black mamba closely misses you.
The moth of wrath angrily waves its antennae.
The komodo dragon closely misses you. The cane toad stings you!
You are more poisoned.
The cane toad poisons you!
You feel much better.
You feel extremely sick.
You block the black mamba's attack. x2; The cane toad stings you!!
You are more poisoned.
The cane toad poisons you! The komodo dragon barely misses you.
You block the black mamba's attack. Raisev's ghost barely misses you.
The cane toad misses you. The komodo dragon misses you.
You block the black mamba's attack. Raisev's ghost closely misses you.
You block the cane toad's attack.
Raisev's ghost attacks as you move away!
Raisev's ghost hits you!!
You feel extremely sick.
You block the black mamba's attack. x2; You block the komodo dragon's attack.
The black mamba bites you!
* * * LOW HITPOINT WARNING * * *
You feel much better.
You feel extremely sick. You block the black mamba's attack.
The black mamba misses you.
You hear a croak.
The komodo dragon bites you!!!
You die...

.♣ #######.####.####....## ♣♣
####.............P##....P# P♣
#....####.©.####..#.....## .♣
#..###. #####..##.#.....# ♣#
##.##..#.$[!!....#..#....# .♣
#..#....###=..##.##.#....#
♣♣♣####..##.#....w#..!..#......##
♣ ♣.......#©..#WSly.##.l#.......#
♣♣♣.......#$S##.@#......#.......#
.♣♣.......#....#...#...##......##
.♣♣.......##..W...#....#.......#
P..#....#..##F###..#####..P....#
♣♣......##..###©####.....##....#
♣♣##....##...........######....##
##.....####.#.#.#### #.....#
#.....## ##..### #....##
####....## #.P# ####....#


You could see a torpor snail, a moth of wrath, a komodo dragon (berserk), a
black mamba (berserk) and Raisev's ghost.

Vanquished Creatures
  Erolcha (D:9)
  A centaur warrior (D:9)
  Erica (D:9)
  2 two-headed ogres
  Sonja (Lair:1)
  Amaemon (Lair:1)
  A glowing orange brain (shapeshifter) (D:9)
  Pikel (D:5)
  A manticore (D:9)
  The ghost of Azazsd the Magician, a novice DsFE of Dithmenos (D:6)
  Maurice (D:10)
  Joseph (D:10)
  An orange demon (Lair:1)
  A gargoyle (Bailey)
  2 cane toads (Lair:1)
  A kobold demonologist (D:7)
  A rime drake (D:10)
  A tengu conjurer (D:9)
  2 trolls (D:9)
  3 polar bears (D:10)
  Prince Ribbit (D:9)
  8 blink frogs (Lair:1)
  A vampire (Bailey)
  A wraith (D:9)
  27 yaks
  3 wyverns
  A shadow (D:9)
  3 steam dragons
  2 two-headed ogre zombies (D:9)
  5 water moccasins
  An acid dragon (D:10)
  3 sky beasts
  2 black bears
  3 orc warriors
  2 ice beasts
  5 centaurs
  7 wolves
  3 lemures (D:5)
  2 phantoms
  A kobold brigand (D:8)
  5 bullfrogs
  A gnoll sergeant (D:10)
  8 scorpions
  11 wights
  5 killer bees
  A troll zombie (D:9)
  3 howler monkeys
  6 wolf zombies (Bailey)
  8 vampire bats (Bailey)
  3 hounds (D:5)
  2 jellies
  6 orc priests
  A gnoll bouda (D:9)
  4 iguanas
  3 sleepcaps
  6 orc wizards
  5 ogre zombies (D:9)
  9 gnolls
  7 adders
  4 worms
  3 dart slugs
  32 orcs
  7 ball pythons
  5 endoplasms
  13 giant cockroaches
  12 goblins
  8 hobgoblins
  A quokka (D:2)
  4 bats
  2 frilled lizards
  3 goblin skeletons (D:9)
  2 hobgoblin skeletons (D:9)
  9 kobolds
  5 orc skeletons (D:9)
  37 orc zombies
  6 rats
  2 butterflies (D:10)
355 creatures vanquished.

Vanquished Creatures (others)
  A gnoll (D:10)
1 creature vanquished.

Grand Total: 356 creatures vanquished

Notes
Turn   | Place    | Note
-------+----------+-------------------------------------------
     0 | D:1      | andronian the Merfolk Monk began the quest for the Orb.
     0 | D:1      | Reached XP level 1. HP: 18/18 MP: 1/1
   313 | D:1      | Reached skill level 1 in Armour
   313 | D:1      | Reached XP level 2. HP: 19/24 MP: 2/2
   491 | D:1      | Found a faded altar of an unknown god.
  1040 | D:2      | Reached XP level 3. HP: 26/29 MP: 3/3
  1245 | D:2      | Reached skill level 4 in Long Blades
  1384 | D:2      | Reached XP level 4. HP: 34/35 MP: 4/4
  1692 | D:3      | Reached skill level 5 in Long Blades
  2095 | D:3      | Reached XP level 5. HP: 25/41 MP: 5/5
  2821 | D:3      | Reached skill level 6 in Long Blades
  2833 | D:3      | Reached skill level 7 in Long Blades
  2833 | D:3      | Reached XP level 6. HP: 24/47 MP: 6/6
  3234 | D:4      | Reached skill level 8 in Long Blades
  3405 | D:4      | Found an opulent altar of Gozag.
  3405 | D:4      | Found a glowing silver altar of Zin.
  3638 | D:4      | Reached XP level 7. HP: 33/52 MP: 7/7
  3923 | D:5      | Entered Level 5 of the Dungeon
  3989 | D:4      | Reached skill level 9 in Long Blades
  4250 | D:5      | Reached XP level 8. HP: 61/61 MP: 8/8
  4334 | D:5      | Reached skill level 10 in Long Blades
  4637 | D:5      | Reached skill level 5 in Fighting
  4637 | D:5      | Reached skill level 1 in Throwing
  4762 | D:5      | Noticed Pikel
  4779 | D:5      | Killed Pikel
  5079 | D:6      | Reached XP level 9. HP: 71/71 MP: 9/9
  5448 | D:6      | Found an ancient bone altar of Kikubaaqudgha.
  5462 | D:6      | Reached skill level 5 in Dodging
  5497 | D:6      | Found a runed translucent door.
  5515 | D:6      | Noticed Azazsd's ghost (novice DsFE)
  5555 | D:6      | Killed Azazsd's ghost
  5789 | D:7      | Found a staircase to the Ecumenical Temple.
  5795 | Temple   | Entered the Ecumenical Temple
  5802 | Temple   | Became a worshipper of the Shining One
  5802 | Temple   | Reached * piety under the Shining One
  5802 | Temple   | Reached ** piety under the Shining One
  6111 | D:7      | Noticed a kobold demonologist
  6121 | D:7      | Noticed an orange demon
  6130 | D:7      | Killed a kobold demonologist
  6151 | D:7      | Reached XP level 10. HP: 51/83 MP: 10/10
  6363 | D:7      | Found a flagged portal.
  6377 | Bailey   | Entered a bailey
  6459 | Bailey   | Reached *** piety under the Shining One
  6499 | Bailey   | Reached skill level 10 in Fighting
  6537 | Bailey   | Noticed a gargoyle
  6550 | Bailey   | Killed a gargoyle
  6595 | Bailey   | Reached **** piety under the Shining One
  6686 | Bailey   | Reached skill level 10 in Dodging
  7188 | D:8      | Found Ekhliq's Self-Improvement Boutique.
  7535 | D:8      | Reached ***** piety under the Shining One
  7566 | D:8      | Reached skill level 1 in Shields
  8175 | D:9      | Noticed a two-headed ogre
  8264 | D:9      | Noticed Erica
  8288 | D:9      | Killed Erica
  8289 | D:9      | Reached skill level 11 in Long Blades
  8353 | D:9      | Reached XP level 11. HP: 56/93 MP: 11/11
  8464 | D:9      | Killed a two-headed ogre
  8468 | D:9      | Reached skill level 12 in Long Blades
  8488 | D:9      | Noticed a centaur warrior
  8510 | D:9      | Killed a centaur warrior
  8600 | D:9      | Noticed a manticore
  8662 | D:9      | Noticed a glowing orange brain
  8676 | D:9      | Killed a glowing orange brain
  8727 | D:9      | Found a staircase to the Orcish Mines.
  8833 | D:9      | Reached ****** piety under the Shining One
  8877 | D:9      | Noticed Prince Ribbit
  8890 | D:9      | Killed Prince Ribbit
  8898 | D:9      | Reached skill level 13 in Long Blades
  9064 | D:9      | Noticed Erolcha
  9072 | D:9      | Killed Erolcha
  9073 | D:9      | Reached skill level 5 in Shields
  9612 | D:9      | Got the Treatise on Weird Hail
  9629 | D:9      | Killed a manticore
  9981 | D:10     | Entered Level 10 of the Dungeon
  9984 | D:10     | Noticed Maurice
 10001 | D:10     | Killed Maurice
 10168 | D:10     | Noticed Joseph
 10186 | D:10     | Killed Joseph
 10187 | D:10     | Reached skill level 1 in Invocations
 10187 | D:10     | Reached XP level 12. HP: 69/102 MP: 10/13
 10195 | D:10     | Reached skill level 14 in Long Blades
 10294 | D:10     | Noticed a two-headed ogre
 10312 | D:10     | Killed a two-headed ogre
 10313 | D:10     | HP: 7/154 [yak (10)]
 10423 | D:10     | Found a staircase to the Lair.
 10637 | D:10     | Found a runed translucent door.
 10642 | D:10     | Found a runed translucent door.
 10992 | Lair:1   | Entered Level 1 of the Lair of Beasts
 11207 | Lair:1   | Reached skill level 5 in Invocations
 11236 | Lair:1   | Noticed Amaemon
 11248 | Lair:1   | Killed Amaemon
 11249 | Lair:1   | Reached skill level 15 in Long Blades
 11338 | Lair:1   | Noticed Sonja
 11358 | Lair:1   | Killed Sonja
 11607 | Lair:1   | Found a transporter.
 11613 | Lair:1   | Noticed Raisev's ghost (journeyman HOFi)
 11703 | Lair:1   | Found a transporter.
 11821 | Lair:1   | Reached XP level 13. HP: 108/111 MP: 18/18
 12030 | Lair:1   | Demolished by a komodo dragon

Illustrated notes

Levels and vault maps discovered:
D:1:      lemuel_arrival_tunnels, layout_basic, nicolae_ecumenical_lake_church,
          kennysheep_boxes
D:2:      layout_loops_ring
D:3:      layout_basic, minmay_bisected
D:4:      layout_loops_ring, grunt_temple_overflow_gold_and_silver,
          kennysheep_cross_room, minivault_27, sigmund_army
D:5:      layout_basic, nicolae_concentric_dashed_squares_wild, uniq_pikel
D:6:      layout_basic, amcnicky_altar_gilded, ebering_ghost_sewer_d
D:7:      layout_gridville, minmay_temple_entry_gardened_gates, enter_bailey_5
D:8:      layout_basic, corner_web_ring, hellmonk_bongcloud_opening,
          nicolae_shop_self_help
D:9:      layout_loops_corners, zombieorc2_lemuel, minmay_pinched_square,
          uniq_prince_ribbit1, uniq_erica, uniq_erolcha
D:10:     lemuel_insect_pit, layout_loops_ring, hellmonk_lair_entry_icy,
          uniq_maurice, uniq_joseph
Temple:   compressed_dpeg_triangle_lava_temple
Lair:1:   wad_woods_pond, layout_long_grid, gammafunk_ghost_berserking_beasts,
          chequers_serial_rivers_micro_d, uniq_sonja, uniq_amaemon

Skill      XL: |  1  2  3  4  5  6  7  8  9 10 11 12 |
---------------+-------------------------------------+-----
Armour         | 1 2 |  2.1
Long Blades    | 4 5 7 8 9 10 11 13 15 | 15.7
Fighting       | 4 6 9 11 12 13 | 13.2
Throwing       | 4 |  4.2
Dodging        | 8 10 | 10.3
Shields        | 2 5 |  5.3
Invocations    | 1 7 |  7.1

Action                     |  1- 3 |  4- 6 |  7- 9 | 10-12 | 13-15 || total
---------------------------+-------+-------+-------+-------+-------++-------
  Melee: Falchion          |    69 |   169 |   278 |   272 |       ||   788
         Long sword        |       |       |       |   579 |     2 ||   581
  Throw: Dart              |       |       |     7 |    28 |       ||    35
         Boomerang         |       |       |     9 |     7 |       ||    16
 Invoke: Divine Shield     |       |       |       |     2 |     1 ||     3
         Cleansing Flame   |       |       |       |       |     2 ||     2
  Evoke: Wand              |       |       |     1 |       |       ||     1
    Use: Scroll            |     1 |       |     2 |    13 |       ||    16
         Potion            |       |     2 |       |     6 |     2 ||    10
 Armour: Robe              |     8 |     3 |       |       |       ||    11
         Ring mail         |       |    43 |    39 |       |       ||    82
         Skin              |       |    20 |       |    30 |       ||    50
         Leather armour    |       |       |    69 |    95 |     2 ||   166
         Scale mail        |       |       |       |   139 |       ||   139
  Dodge: Dodged            |    49 |   135 |   195 |   619 |    17 ||  1015
  Block: Buckler           |       |       |       |    90 |       ||    90
         Kite shield       |       |       |       |   218 |    22 ||   240
